 Dungeon Crawl Stone Soup version 0.28-a0-984-g3775c662fe (webtiles) character file.

Game seed: 3958869665195491504

8953 Snarg the Spear-Bearer (level 11, 0/79 HPs)
             Began as a Demonspawn Monk on Dec 4, 2021.
             Was a Priest of Wu Jian.
             Slain by a black mamba (2 damage)
             ... on level 1 of the Lair of Beasts on Dec 5, 2021.
             The game lasted 00:55:44 (11220 turns).

Snarg the Spear-Bearer (Demonspawn Monk)           Turns: 11220, Time: 00:55:45

Health: 0/79       AC: 13    Str: 16    XL:     11   Next: 16%
Magic:  14/14      EV: 19    Int: 12    God:    Wu Jian [***...]
Gold:   306        SH:  5    Dex: 15    Spells: 11/14 levels left

rFire   . . .      SeeInvis .   a - +0 trident
rCold   + . .      Faith    .   n - +0 buckler
rNeg    . . .      Spirit   .   o - +2 leather armour {rC+}
rPois   .          Reflect  .   (no helmet)
rElec   .          Harm     .   i - +0 cloak
rCorr   .          Rampage  .   (no gloves)
Will    .....                   (no boots)
Stlth   +++.......              g - amulet of regeneration
HPRegen 1.03/turn               f - +4 ring of protection
MPRegen 0.14/turn               s - +4 ring of evasion

@: lethally poisoned (0 -> -1)
A: icy blue scales 2, demonic guardian 2, powered by pain 1
a: Renounce Religion, Wall Jump, Serpent's Lash


You were on level 1 of the Lair of Beasts.
You worshipped Wu Jian.
Wu Jian was most pleased with you.
You visited 3 branches of the dungeon, and saw 10 of its levels.

You collected 446 gold pieces.
You spent 140 gold pieces at shops.

Inventory:

Hand Weapons
 a - a +0 trident (weapon)
 b - a +4 hand axe
 e - a +1 dagger of speed
 u - a +2 short sword of electrocution
 z - a +0 whip of freezing
 G - a +0 spear
 I - a +1 short sword of freezing
Missiles
 c - 179 stones
 p - 18 poisoned darts (quivered)
 E - a boomerang
 H - a throwing net
Armour
 i - a +0 cloak (worn)
 n - a +0 buckler (worn)
 o - a +2 leather armour of cold resistance (worn)
Magical Staves
 L - a staff of cold
Jewellery
 f - a +4 ring of protection (left hand)
 g - an amulet of regeneration (around neck)
 k - a ring of magical power
 s - a +4 ring of evasion (right hand)
Wands
 d - a wand of polymorph (7)
Scrolls
 j - a scroll of noise {unknown}
 m - 3 scrolls of magic mapping
 r - a scroll of vulnerability
 y - a scroll of fog
 C - a scroll of brand weapon {unknown}
 D - 2 scrolls of teleportation
 K - a scroll of silence {unknown}
 N - a scroll of enchant weapon {unknown}
Potions
 h - 2 potions of lignification
 q - a potion of flight {unknown}
 v - 4 potions of brilliance
 w - 2 potions of magic
 x - 2 potions of ambrosia
 B - a potion of invisibility
 J - 2 potions of curing {unknown}


   Skills:
 - Level 5.1 Fighting
 + Level 10.1 Polearms
 + Level 2.8 Throwing
 - Level 4.0 Armour
 - Level 8.0 Dodging
 + Level 4.9 Stealth
 - Level 4.0 Shields
 + Level 2.4 Spellcasting
 - Level 3.0 Hexes
 - Level 3.0 Summonings
 - Level 2.0 Necromancy


You had 11 spell levels left.
You knew the following spells:

 Your Spells              Type           Power      Damage    Failure   Level
a - Summon Small Mammal   Summ           32%        N/A       9%          1
b - Pain                  Necr           24%        1d5       14%         1
c - Slow                  Hex            32%        N/A       9%          1

Your spell library contained the following spells:

 Spells                   Type           Power      Damage    Failure   Level
 Call Canine Familiar     Summ           8%         N/A       26%         3
 Confusing Touch          Hex            8%         N/A       26%         3
 Summon Guardian Golem    Hex/Summ       8%         N/A       26%         3
 Sandblast                Erth           2%         2d4       30%         1
 Vampiric Draining        Necr           6%         2d6       38%         3
 Passwall                 Tmut/Erth      0%         N/A       43%         2
 Dazzling Flash           Conj/Hex       10%        N/A       45%         3
 Stone Arrow              Conj/Erth      2%         3d7       67%         3
 Iskenderun's Mystic Bla  Conj/Tloc      1%         2d3       97%         4
 Agony                    Necr           6%         N/A       98%         5
 Excruciating Wounds      Necr           3%         N/A       98%         5
 Starburst                Conj/Fire      0%         6d3       100%        6


Dungeon Overview and Level Annotations

Branches:
Dungeon (8/15)             Temple (1/1) D:5            Lair (1/6) D:8

Altars:
Ashenzari
Cheibriados
Dithmenos
Elyvilon
Fedhas
Gozag
Hepliaklqana
Kikubaaqudgha
Makhleb
Nemelex Xobeh
Okawaru
Ru
Sif Muna
Trog
Uskayaw
Vehumet
Wu Jian
Xom
Yredelemnul
Zin

Shops:
D:7 !

Annotations:
D:1 clr
D:2 clr
D:3 CLR
D:5 clr
D:6 clr, exclusion: downstairs
D:7 clr
D:8 clr


Innate Abilities, Weirdness & Mutations

You are mostly covered in icy blue scales. (AC +3)
A demonic guardian rushes to your aid.
You sometimes gain a little power by taking damage.


Message History

You are too injured to fight recklessly!
You are too injured to fight recklessly!
You hit the black mamba.
The black mamba is almost dead.
You feel very sick. The black mamba bites you.
You are more poisoned.
The black mamba poisons you! The black mamba misses you.
You barely miss the black mamba.
The black mamba is almost dead.
You feel very sick. The black mamba closely misses you.
You barely miss the black mamba.
The black mamba is almost dead.
You feel very sick. The black mamba closely misses you. x2
You completely miss the black mamba.
The black mamba is almost dead.
You feel very sick. The black mamba barely misses you.
You hit the black mamba.
The black mamba is almost dead.
You feel very sick. You block the black mamba's attack.
The black mamba misses you.
You hit the black mamba but do no damage.
The black mamba is almost dead.
You feel sick. The black mamba closely misses you.
You hit the black mamba but do no damage.
The black mamba is almost dead.
You feel sick. You block the black mamba's attack.
You closely miss the black mamba.
The black mamba is almost dead.
You feel sick. The black mamba misses you. The black mamba bites you.
* * * LOW HITPOINT WARNING * * *
A demonic guardian appears!
You barely miss the black mamba.
The black mamba is almost dead.
* * * LOW HITPOINT WARNING * * *
You feel sick. The black mamba bites you.
You die...

. .... #. . .........
... ... #. # #.####..#
..##.$# #.. #..#
.....# #. #..# .....#
+ # ## #..### .....##
#.. #
..#.####..#.###......#
#.. .
..............#.....#.
## #. .
..............@.4.....
... #. #
#####...######S....##
#.. ## #..## ......#
#.. # #..# .....## #..
# #..# .#^#.# #.(##
#.#####..#######..).
#.####...##
...............#.. ..
..........
...............#.#
..#..........
###.####....###.
.#########


You could see a black mamba (ally target) and a friendly ice devil (summoned).

Vanquished Creatures
  Harold (D:7)
  A hydra (Lair:1)
  A cane toad (Lair:1)
  Sigmund (D:2)
  4 yaks
  2 wyverns
  2 basilisks (D:8)
  Menkaure (D:6)
  6 water moccasins
  An ice beast (D:5)
  Duvessa (D:6)
  2 orc warriors
  A black bear (D:8)
  6 wolves
  An ogre (D:6)
  A lemure (D:6)
  A kobold brigand (D:8)
  3 bullfrogs
  2 scorpions
  A water moccasin skeleton (D:5)
  Dowan (D:6)
  2 killer bees (D:8)
  5 wights
  5 howler monkeys
  A centaur zombie (D:5)
  A hound (D:5)
  2 orc priests
  Jessica (D:1)
  2 iguanas
  2 orc wizards
  A killer bee zombie (D:8)
  A hound skeleton (D:4)
  A gnoll (D:4)
  8 adders
  A shadow imp (D:5)
  A white imp (D:6)
  4 worms
  3 dart slugs
  28 orcs
  4 ball pythons
  4 bats
  7 endoplasms
  2 giant cockroaches
  5 goblins
  8 hobgoblins
  3 quokkas
  6 frilled lizards
  7 kobolds
  10 rats
165 creatures vanquished.

Vanquished Creatures (collateral kills)
  Pikel (D:6)
  A black mamba (D:8)
  2 cane toads (Lair:1)
  A komodo dragon (Lair:1)
  A yak (D:8)
  2 wyverns
  A wraith (D:7)
  A water moccasin (Lair:1)
  An ice beast (D:7)
  4 black bears
  A wyvern zombie (D:7)
  A killer bee (D:8)
  A centaur skeleton (D:7)
  An orc wizard (D:5)
  2 gnolls (D:4)
  2 white imps
  An orc (D:5)
  2 kobolds (D:8)
26 creatures vanquished.

Vanquished Creatures (others)
  6 fungi
  17 plants
23 creatures vanquished.

Grand Total: 214 creatures vanquished

Notes
Turn   | Place    | Note
-------+----------+-------------------------------------------
     0 | D:1      | Snarg the Demonspawn Monk began the quest for the Orb.
     0 | D:1      | Reached XP level 1. HP: 18/18 MP: 1/1
   122 | D:1      | Gained mutation: A weak demonic guardian rushes to your
                  | aid. [demonic ancestry]
   122 | D:1      | Reached XP level 2. HP: 24/24 MP: 2/2
   138 | D:1      | Reached skill level 3 in Polearms
   618 | D:2      | Noticed Jessica
   631 | D:1      | Killed Jessica
   632 | D:1      | Reached XP level 3. HP: 18/29 MP: 3/3
  1122 | D:2      | Reached XP level 4. HP: 21/35 MP: 4/4
  2014 | D:2      | Noticed Sigmund
  2036 | D:2      | Killed Sigmund
  2037 | D:2      | Reached skill level 4 in Polearms
  2037 | D:2      | Gained mutation: A demonic guardian rushes to your aid.
                  | [demonic ancestry]
  2037 | D:2      | Reached XP level 5. HP: 23/41 MP: 5/5
  2925 | D:3      | Reached XP level 6. HP: 46/48 MP: 6/6
  3556 | D:4      | Reached skill level 1 in Throwing
  3556 | D:4      | Reached skill level 1 in Armour
  3556 | D:4      | Reached skill level 1 in Shields
  4342 | D:5      | Entered Level 5 of the Dungeon
  4609 | D:5      | Reached XP level 7. HP: 19/53 MP: 7/7
  4722 | D:5      | Reached skill level 5 in Polearms
  4912 | D:5      | Found a staircase to the Ecumenical Temple.
  4918 | Temple   | Entered the Ecumenical Temple
  5162 | Temple   | Became a worshipper of the Wu Jian Council
  5162 | Temple   | Reached * piety under Wu Jian
  5162 | Temple   | Reached ** piety under Wu Jian
  6017 | D:6      | Reached XP level 8. HP: 58/60 MP: 8/8
  6186 | D:6      | Noticed Menkaure
  6195 | D:6      | Killed Menkaure
  6288 | D:6      | Noticed Pikel
  6310 | D:6      | Killed Pikel
  6311 | D:6      | Reached skill level 6 in Polearms
  6311 | D:6      | Reached skill level 5 in Dodging
  6395 | D:6      | Learned a level 1 spell: Summon Small Mammal
  6397 | D:6      | Learned a level 1 spell: Pain
  6532 | D:6      | Noticed Duvessa
  6532 | D:6      | Noticed Dowan
  6549 | D:6      | Killed Dowan
  6550 | D:6      | Killed Duvessa
  6551 | D:6      | Reached skill level 1 in Spellcasting
  7068 | D:7      | Learned a level 1 spell: Slow
  7132 | D:7      | Reached skill level 1 in Summonings
  7132 | D:7      | Gained mutation: You sometimes gain a little power by
                  | taking damage. [demonic ancestry]
  7132 | D:7      | Reached XP level 9. HP: 63/65 MP: 10/10
  7155 | D:7      | Found Qantir's Distillery.
  7164 | D:7      | Bought a potion of berserk rage for 70 gold pieces
  7164 | D:7      | Bought a potion of brilliance for 56 gold pieces
  7164 | D:7      | Bought a potion of degeneration for 14 gold pieces
  7430 | D:7      | Noticed Harold
  7596 | D:7      | Killed Harold
  7597 | D:7      | Reached skill level 7 in Polearms
  7597 | D:7      | Reached skill level 1 in Hexes
  7597 | D:7      | Reached skill level 1 in Necromancy
  8130 | D:7      | Found a hide-covered altar of Uskayaw.
  8431 | D:8      | Found a shadowy altar of Dithmenos.
  8514 | D:7      | Reached skill level 8 in Polearms
  9007 | D:8      | Gained mutation: You are partially covered in icy blue
                  | scales. (AC +2) [demonic ancestry]
  9007 | D:8      | Reached XP level 10. HP: 68/71 MP: 13/13
  9068 | D:8      | Reached *** piety under Wu Jian
  9378 | D:8      | Found a staircase to the Lair.
  9415 | D:8      | Reached skill level 9 in Polearms
  9921 | Lair:1   | Entered Level 1 of the Lair of Beasts
  9995 | Lair:1   | Noticed a black mamba
 10046 | D:8      | HP: 2/106 [black mamba (11)]
 10050 | D:8      | Killed a black mamba
 10051 | D:8      | HP: 1/106 [poisoned by a black mamba]
 10524 | Lair:1   | Noticed a cane toad
 10546 | Lair:1   | Killed a cane toad
 10547 | Lair:1   | Reached skill level 5 in Fighting
 10804 | Lair:1   | Noticed a cane toad
 10826 | Lair:1   | Killed a cane toad
 10831 | Lair:1   | Noticed a cane toad
 10850 | Lair:1   | Gained mutation: You are mostly covered in icy blue scales.
                  | (AC +3) [demonic ancestry]
 10850 | Lair:1   | Reached XP level 11. HP: 42/79 MP: 14/14
 10996 | Lair:1   | Reached skill level 10 in Polearms
 11097 | Lair:1   | Noticed a five-headed hydra
 11126 | Lair:1   | Killed a five-headed hydra
 11219 | Lair:1   | HP: 3/79 [black mamba (6)]
 11220 | Lair:1   | Slain by a black mamba

Illustrated notes

Levels and vault maps discovered:
D:1:      dpeg_arrival_rhombi, layout_rooms
D:2:      layout_basic, grunt_ministairs_4, chequers_serial_rivers_room_a,
          uniq_jessica, uniq_sigmund
D:3:      layout_basic
D:4:      layout_basic, kennysheep_generic_room_15
D:5:      layout_gridville, minmay_temple_entry_fiery
D:6:      layout_loops_corners, uniq_duvessa, uniq_menkaure, uniq_pikel
D:7:      layout_basic, marbit_many_paths, serial_shops, shop_fountains,
          uniq_harold
D:8:      layout_cave_pods, nicolae_dithmenos_shadow_blocks,
          minmay_lair_entry_grove, chequers_serial_rivers_marsh
Temple:   dpeg_five_rooms_temple
Lair:1:   layout_long_grid, columned_hall_lemuel, grunt_megastairs_2

Skill      XL: |  1  2  3  4  5  6  7  8  9 10 11 |
---------------+----------------------------------+-----
Polearms       | 3 4 5 6 8 9 10 | 10.1
Stealth        | 2 3 4 |  4.9
Dodging        | 3 4 5 6 7 8 |  8.0
Throwing       | 1 2 |  2.8
Armour         | 1 2 3 4 |  4.0
Shields        | 1 2 3 4 |  4.0
Fighting       | 4 5 |  5.1
Spellcasting   | 1 2 |  2.4
Summonings     | 1 2 3 |  3.0
Hexes          | 2 3 |  3.0
Necromancy     | 2 |  2.0

Action                   |  1- 3 |  4- 6 |  7- 9 | 10-12 || total
-------------------------+-------+-------+-------+-------++-------
Melee: Spear             |   104 |   347 |   540 |   633 ||  1624
       Trident           |       |       |    77 |    53 ||   130
       Short sword       |       |       |     2 |       ||     2
       Hand axe          |       |       |     1 |    62 ||    63
Throw: Stone             |     7 |    57 |    62 |     7 ||   133
       Dart              |       |       |    41 |    39 ||    80
       Boomerang         |       |       |       |     2 ||     2
 Cast: Summon Small Mamm |       |       |     4 |     2 ||     6
       Slow              |       |       |       |    25 ||    25
Invok: Lunge             |       |       |     4 |     2 ||     6
       Whirlwind         |       |       |    14 |    73 ||    87
       Serpent's Lash    |       |       |       |     3 ||     3
 Abil: Wall Jump         |       |       |       |    18 ||    18
  Use: Potion            |       |     1 |     5 |     5 ||    11
       Scroll            |       |     4 |     2 |     3 ||     9
 Stab: Sleeping          |     3 |    11 |     5 |       ||    19
       Invisible         |       |       |     2 |       ||     2
       Distracted        |       |       |     1 |     2 ||     3
Armor: Robe              |    13 |     4 |       |       ||    17
       Leather armour    |       |    99 |    83 |   119 ||   301
       Skin              |       |       |     3 |       ||     3
Dodge: Dodged            |    45 |   179 |   299 |   475 ||   998
Block: Buckler           |       |    35 |    83 |   131 ||   249

Table legend: (Time is in decaauts)
 A = Elapsed time spent in this place.
 B = Non-inter-level travel time spent in this place.
 C = Inter-level travel time spent in this place.
 D = Time resting spent in this place.
 E = Time spent auto-exploring this place.
 F = Levels seen in this place.
 G = Mean time per level.
                   A        B        C        D        E       F      G
               +--------+--------+--------+--------+--------+-----+--------+
         Total |  10954 |  10182 |    772 |    628 |   6682 |  10 | 1095.4 |
       Dungeon |   9606 |   8947 |    659 |    502 |   6024 |   8 | 1200.8 |
        Temple |    293 |    213 |     80 |      0 |    201 |   1 |  293.0 |
          Lair |   1053 |   1020 |     33 |    126 |    457 |   1 | 1053.0 |
               +--------+--------+--------+--------+--------+-----+--------+

Top non-repeatable levels by time:
     D:2: 1939 daAuts
     D:8: 1484 daAuts
     D:7: 1483 daAuts
     D:5: 1195 daAuts
  Lair:1: 1053 daAuts
     D:6: 1012 daAuts
     D:4: 910 daAuts
     D:1: 838 daAuts
     D:3: 743 daAuts
  Temple: 293 daAuts
